 Dungeon Crawl Stone Soup version 0.30.1-11-g7821555f0a (webtiles) character file.

Game seed: 349705156791127070

31 RancidPinata the Cudgeller (level 3, 0/23 HPs)
             Began as a Gargoyle Gladiator on Dec 6, 2023.
             Slain by a centaur (6 damage)
             ... on level 3 of the Dungeon.
             The game lasted 00:02:59 (827 turns).

RancidPinata the Cudgeller (Gargoyle Gladiator)      Turns: 827, Time: 00:02:59

Health: 0/23       AC:  8    Str: 19    XL:     3   Next: 22%
Magic:  3/3        EV: 12    Int:  8    God:
Gold:   80         SH:  0    Dex: 11    Spells: 2/2 levels left

rFire   . . .        a - +0 flail
rCold   . . .        (no shield)
rNeg    + . .        b - +0 leather armour
rPois   ∞            c - +0 helmet
rElec   +            (no cloak)
rCorr   .            (no gloves)
SInv    .            q - +0 pair of boots
Will    .....        (no amulet)
Stlth   +            o - +4 ring of slaying
HPRegen 0.23/turn    (no ring)
MPRegen 0.08/turn

%: no passive effects
@: no status effects
A: sickness immunity, AC +3, negative energy resistance 1, electricity
resistance, torment resistance 1, petrification resistance
a: no special abilities


You were on level 3 of the Dungeon.
You visited 1 branch of the dungeon, and saw 4 of its levels.

You collected 80 gold pieces.

Inventory:

Hand Weapons
 a - a +0 flail (weapon)
Missiles
 e - a javelin (quivered)
 g - 13 stones
Armour
 b - a +0 leather armour (worn)
 c - a +0 helmet (worn)
 q - a +0 pair of boots (worn)
Jewellery
 o - a +4 ring of slaying (left hand)
Scrolls
 i - a scroll of immolation {unknown}
 j - a scroll of teleportation {unknown}
 l - 2 scrolls of identify {unknown}
 n - a scroll of enchant armour {unknown}
 r - a scroll of fog {unknown}
Potions
 f - a potion of curing {unknown}
 h - a potion of attraction {unknown}
 k - a potion of mutation {unknown}
 m - a potion of invisibility {unknown}
 p - 2 potions of haste {unknown}


   Skills:
 * Level 3.0 Fighting
 + Level 3.2 Maces & Flails
 + Level 2.1 Throwing
 + Level 1.1 Armour
 - Level 2.4 Dodging


You had 2 spell levels left.
You didn't know any spells.
Your spell library was empty.

Dungeon Overview and Level Annotations

Branches:
Dungeon (4/15)
 Temple: D:4-7

Altars:

Annotations:
D:4 2 runed translucent doors, RancidPinata's ghost, amateur GrGl


Innate Abilities, Weirdness & Mutations

You are immune to sickness and miasma.
Your stone body is resilient. (AC +3)
You are immune to poison.
You resist negative energy. (rN+)
You are resistant to electric shocks. (rElec)
You are resistant to unholy torment.
You are immune to petrification.


Message History

The withered plant is lightly damaged.
The withered plant crumbles away.
p - 2 black potions (gained 1)
A centaur comes into view.
The centaur shouts!
The centaur wields a +0 shortbow.
The centaur shoots an arrow.
The arrow hits you!
Throw: 4 throwing nets
Press: ? - help, Q - select action, (/) - cycle Shift-Dir - straight line, f - centaur
Aim: a centaur, wielding a +0 shortbow (73% to hit)
You throw a throwing net.
The throwing net closely misses the centaur.
The centaur shoots an arrow.
The arrow hits you.
The centaur shoots an arrow.
The arrow hits you.
Throw: 3 throwing nets
Press: ? - help, Q - select action, (/) - cycle Shift-Dir - straight line, f/p - centaur
Aim: a centaur, wielding a +0 shortbow (73% to hit)
You throw a throwing net.
The throwing net barely misses the centaur.
The centaur shoots an arrow.
The arrow completely misses you.
Throw: 2 throwing nets
Press: ? - help, Q - select action, (/) - cycle Shift-Dir - straight line, f/p - centaur
Aim: a centaur, wielding a +0 shortbow (73% to hit)
You throw a throwing net.
The throwing net barely misses the centaur.
The centaur shoots an arrow.
The arrow hits you.
* * * LOW HITPOINT WARNING * * *
Throw: throwing net
Press: ? - help, Q - select action, (/) - cycle Shift-Dir - straight line, f/p - centaur
Aim: a centaur, wielding a +0 shortbow (73% to hit)
You throw a throwing net. The throwing net hits the centaur.
The centaur is caught in the net!
The centaur struggles against the net. x2
The centaur struggles against the net.
You sock the centaur!
The centaur is heavily wounded.
The centaur struggles against the net.
The net rips apart, and the centaur comes free!
The centaur unwields a +0 shortbow.
The centaur hits you.
You die...

## ## .#. #c# #
##@## .. # #...# #.
# #...# #.###
#...###########....
###......[...<...##
#..#..P..#####.##
#..#..♣♣...###.##
#..#P♣P_.....)...
#...P.PP.[####.##


You could see a centaur.

Vanquished Creatures
  An adder (D:2)
  A dart slug (D:3)
  An orc (D:3)
  3 ball pythons
  2 endoplasms (D:2)
  A giant cockroach (D:3)
  A goblin (D:4)
  A hobgoblin (D:4)
  2 kobolds
  A quokka (D:1)
  A frilled lizard (D:2)
  4 rats
19 creatures vanquished.

Notes
Turn   | Place    | Note
-------+----------+-------------------------------------------
     0 | D:1      | RancidPinata the Gargoyle Gladiator began the quest for the
                  | Orb.
     0 | D:1      | Reached XP level 1. HP: 12/12 MP: 1/1
   248 | D:2      | Reached XP level 2. HP: 14/18 MP: 2/2
   364 | D:4      | Reached skill level 1 in Armour
   385 | D:4      | Found a runed translucent gate.
   385 | D:4      | Found a runed translucent gate.
   385 | D:4      | Noticed RancidPinata's ghost (amateur GrGl)
   388 | D:4      | Noticed a kobold brigand
   390 | D:4      | Reached XP level 3. HP: 22/22 MP: 3/3
   392 | D:4      | Noticed an ogre
   768 | D:3      | Found a faded altar of an unknown god.
   820 | D:3      | Noticed a centaur
   827 | D:3      | Slain by a centaur

Illustrated notes

Levels and vault maps discovered:
D:1:      dpeg_arrival_tiny_a, layout_basic, minmay_indecisive_spiral
D:2:      layout_basic, serial_bayou, serial_bayou_shore_b,
          serial_bayou_lagoon_a, serial_bayou_pond_b, serial_bayou_lagoon_b
D:3:      layout_loops_cross, ebering_ecumenical_altar_petrified,
          minmay_misc_feat_rugged, eino_tiny_chamber
D:4:      layout_loops_ring, gammafunk_ghost_nasty_kobolds, kennysheep_path_1

Skill      XL: |  1  2  3 |
---------------+----------+-----
Throwing       | 2 |  2.1
Armour         | 1 |  1.1
Fighting       | 3 |  3.0
Maces & Flails | |  3.2
Dodging        | |  2.4

Action                     || total
---------------------------++-------
  Melee: Flail             ||    70
         Punch             ||     1
  Throw: Throwing net      ||     4
 Armour: Leather armour    ||    21
  Dodge: Dodged            ||    44
